 Dungeon Crawl Stone Soup version 0.26.1-11-gd32895ea62 (webtiles) character file.

Game seed: 14546387710439399077

574 nothank2 the Digger (level 7, 0/38 HPs)
             Began as a Gargoyle Earth Elementalist on July 15, 2021.
             Slain by a killer bee (3 damage)
             ... on level 4 of the Dungeon.
             The game lasted 00:13:36 (5129 turns).

nothank2 the Digger (Gargoyle Earth Elementalist)   Turns: 5129, Time: 00:13:37

Health: 0/38       AC:  7    Str: 11    XL:     7   Next: 34%
Magic:  12/14      EV: 12    Int: 18    God:
Gold:   151        SH:  0    Dex: 10    Spells: 7/15 levels left

rFire    . . .     SeeInvis .   i - +5 dagger
rCold    . . .     Faith    .   (no shield)
rNeg     + . .     Spirit   .   c - +1 robe
rPois    ∞         Reflect  .   (no helmet)
rElec    +         Harm     .   (no cloak)
rCorr    .         Rampage  .   (no gloves)
Will     .....                  (no boots)
Stlth    ++........             o - amulet of inaccuracy
HPRegen  0.12/turn              (no ring)
MPRegen  0.14/turn              (no ring)

@: no status effects
A: negative energy resistance 1, electricity resistance, unbreathing,
petrification resistance, miasma immunity, AC +4
a: no special abilities


You were on level 4 of the Dungeon.
You visited 1 branch of the dungeon, and saw 5 of its levels.

You collected 151 gold pieces.

Inventory:

Hand Weapons
 a - a +2 dagger of flaming
 e - a +0 dagger
 i - a +5 dagger (weapon)
 q - a +3 vorpal long sword
 v - a +7 great sword
Missiles
 b - 99 stones
Armour
 c - a +1 robe (worn)
Jewellery
 f - an uncursed amulet of guardian spirit {unknown}
 o - an amulet of inaccuracy (around neck)
Scrolls
 j - 2 scrolls of blinking
 k - a scroll of enchant weapon
 m - a scroll of noise
 s - a scroll of teleportation
Potions
 d - a potion of degeneration {unknown}
 g - 3 potions of might
 l - 3 potions of mutation
 n - 2 potions of haste
 p - 4 potions of curing
 r - a potion of heal wounds
 t - a potion of brilliance {unknown}
 w - a potion of flight {unknown}
 x - a potion of cancellation {unknown}


   Skills:
 - Level 1.0 Fighting
 + Level 1.9 Short Blades
 - Level 1.5 Dodging
 - Level 2.1 Stealth
 + Level 4.6 Spellcasting
 - Level 2.0 Transmutations
 + Level 6.6 Earth Magic


You had 7 spell levels left.
You knew the following spells:

 Your Spells              Type           Power        Failure   Level
a - Sandblast             Erth           56%          1%          1
b - Stone Arrow           Conj/Erth      32%          11%         3
c - Petrify               Tmut/Erth      19%          22%         4

Your spell library contained the following spells:

 Spells                   Type           Power        Failure   Level
 Passwall                 Tmut/Erth      15%          3%          2
 Lee's Rapid Deconstruct  Erth           14%          24%         5


Dungeon Overview and Level Annotations

Branches:
Dungeon (5/15)
 Temple: D:4-7

Altars:

Annotations:
D:3 3 runed translucent doors, Gorgoleon's ghost, amateur MfGl


Innate Abilities, Weirdness & Mutations

You are resistant to torment.
Your stone body is resilient. (AC +4)
You are immune to poison.
You resist negative energy. (rN+)
You are resistant to electric shocks. (rElec)
You can survive without breathing.
You are immune to petrification.
You are immune to miasma.


Message History

The killer bee stings you but does no damage.
You are too injured to fight recklessly!
Aiming: Sandblast (safe; 1% risk of failure)
Press: ? - help, Q - select action, (/) - cycle Shift-Dir - straight line, f - killer bee
Aim: a killer bee (57% to evade)
The blast of sand misses the killer bee.
The blast of sand hits the killer bee!
The killer bee is almost dead.
The killer bee stings you.
* * * LOW HITPOINT WARNING * * *
The killer bee closely misses you.
Aiming: Sandblast (safe; 1% risk of failure)
Press: ? - help, Q - select action, (/) - cycle Shift-Dir - straight line, f/p - killer bee
Aim: a killer bee (57% to evade)
The blast of sand hits the killer bee!
The killer bee is severely wounded.
The killer bee stings you.
* * * LOW HITPOINT WARNING * * *
The killer bee stings you.
You die...

# #.#.....##...# #.#...
######.#.....###.######### #.....
.......#.........##.<....#####.##
########.....######.###........##
#.....######.# #..####.... #
#####.##.......# #..####..## #
####..............# #....##....
###......#.......##.# #.##.##.###
.##.##.#.####.##@##.# #.##.##.#
.)..##.#.# #.##y##.# #.......#
.#..##.#.# #..yy...# ####.####
........>#####>..<.## #.#
....##.......#.....# #.#
..####.#####.#.....# #.# .##
#.#####<#.....# #####.### .#
#....#..####### #.......# ##
#.##..#.## #.###.#.#


You could see 3 killer bees.

Vanquished Creatures
  A centaur (D:5)
  An ogre (D:4)
  A killer bee (D:4)
  2 iguanas
  Natasha (thrice) (D:4)
  A worker ant (D:5)
  A killer bee zombie (D:5)
  Robin (D:2)
  A gnoll (D:2)
  7 adders
  A shadow imp (D:5)
  An adder skeleton (D:4)
  A worm (D:4)
  2 dart slugs
  5 leopard geckos
  6 orcs
  A ball python (D:2)
  12 bats
  4 giant cockroaches
  12 goblins
  8 hobgoblins
  5 jackals
  4 quokkas
  3 frilled lizards
  9 kobolds
  9 rats
102 creatures vanquished.

Notes
Turn   | Place    | Note
-------+----------+-------------------------------------------
     0 | D:1      | nothank2 the Gargoyle Earth Elementalist began the quest
                  | for the Orb.
     0 | D:1      | Reached XP level 1. HP: 10/10 MP: 3/3
   120 | D:1      | Reached skill level 1 in Transmutations
   202 | D:1      | Reached XP level 2. HP: 6/15 MP: 1/5
   596 | D:1      | Reached skill level 4 in Earth Magic
  1143 | D:1      | Reached XP level 3. HP: 19/19 MP: 6/6
  1601 | D:2      | Noticed Robin
  1881 | D:2      | Killed Robin
  1882 | D:2      | Reached XP level 4. HP: 15/24 MP: 1/8
  2644 | D:3      | Learned a level 3 spell: Stone Arrow
  2650 | D:3      | Learned a level 4 spell: Petrify
  2742 | D:3      | Reached XP level 5. HP: 27/28 MP: 7/9
  2870 | D:3      | Noticed Gorgoleon's ghost (amateur MfGl)
  2935 | D:3      | Reached skill level 1 in Short Blades
  2935 | D:3      | Reached skill level 5 in Earth Magic
  3263 | D:3      | Found a runed translucent gate.
  3263 | D:3      | Found a runed translucent gate.
  3263 | D:3      | Found a runed translucent gate.
  3696 | D:4      | Reached skill level 1 in Fighting
  3861 | D:4      | Noticed Natasha
  3864 | D:4      | Killed Natasha
  3865 | D:4      | Reached XP level 6. HP: 30/34 MP: 7/11
  4098 | D:4      | Noticed Natasha
  4102 | D:4      | Killed Natasha
  4107 | D:4      | Reached skill level 6 in Earth Magic
  4186 | D:4      | Noticed Natasha
  4211 | D:4      | Killed Natasha
  4860 | D:5      | Entered Level 5 of the Dungeon
  4879 | D:5      | Reached XP level 7. HP: 20/38 MP: 5/13
  5129 | D:4      | Slain by a killer bee

Illustrated notes

Levels and vault maps discovered:
D:1:      saegor_arrival_miasma, layout_loops_ring
D:2:      kennysheep_six_static_rooms, layout_rooms, skrybe_limestone_x,
          uniq_robin
D:3:      layout_loops_ring, gammafunk_ghost_icy
D:4:      layout_loops_cross, minmay_fractal_squares_5, uniq_natasha
D:5:      layout_rooms, basic_altar, kennysheep_generic_room_8, uniq_pikel

Skill      XL: |  1  2  3  4  5  6 |
---------------+-------------------+-----
Transmutations | 1 2 |  2.0
Earth Magic    | 4 5 6 |  6.6
Spellcasting   | 3 4 |  4.6
Short Blades   | 1 |  1.9
Fighting       | 1 |  1.0
Dodging        | |  1.5
Stealth        | |  2.1

Action                   |  1- 3 |  4- 6 |  7- 9 || total
-------------------------+-------+-------+-------++-------
Melee: Dagger            |   122 |   166 |     3 ||   291
 Cast: Sandblast         |    27 |    47 |    12 ||    86
  Use: Scroll            |     7 |     5 |       ||    12
 Stab: Sleeping          |     1 |       |       ||     1
Armor: Robe              |    64 |    72 |     8 ||   144
Dodge: Dodged            |   155 |   117 |    27 ||   299
